Map: Black Site 2E

Players

Faust

  • Race: Zerg Zerg
  • League: Diamond
  • Spawn Location: 11:00

Throwfordays

  • Race: Protoss Protoss
  • League: Silver
  • Spawn Location: 9:00

Cthulhu

  • Race: Protoss Protoss
  • Spawn Location: 12:00

LastLegend

  • Race: Zerg Zerg
  • League: Diamond
  • Spawn Location: 6:00

PeKE

  • Race: Terran Terran
  • Spawn Location: 3:00

TzGVoid

  • Race: Protoss Protoss
  • Spawn Location: 5:00

VOD

Have the link to the VOD?

Description

Time

  • Played on: April 10, 2019, 10:43 p.m.
  • Length: 19:52
Show
View Real Time Build Order
Export as new Build Order

Faust Zerg 

Build Orders: Hatch First 

Get SALT Encoding   

  12  0:01  Drone  
  13  0:08  Drone  
  14  0:15  Extractor  
  14  0:16  Drone  
  15  0:23  Overlord  
  15  0:42  Drone x2  
  17  0:55  Hatchery  
  16  0:57  Drone  
  17  1:06  Drone  
  17  1:09  Extractor  
  17  1:22  Spawning Pool  
  17  1:24  Drone  
  17  1:25  Drone  
  18  1:27  Drone  
  19  1:37  Overlord  
  19  2:09  Queen  
  19  2:10  Queen  
  19  2:12  Metabolic Boost  
  19  2:15  Drone x3  
  26  2:17  Drone  
  26  2:22  Drone  
  28  2:30  Zergling x2  
  28  2:32  Zergling x2  
  30  2:37  Zergling x2  
  30  2:42  Drone  
  32  2:49  Overlord  
  32  2:52  Lair  
  32  3:03  Drone x3  
  35  3:13  Zergling x4  
  37  3:30  Drone x4  
  41  3:35  Extractor x2  
  41  3:38  Extractor  
  38  3:43  Drone x4  
  42  3:51  Drone  
  42  3:55  Drone  
  44  3:59  Overlord  
  44  4:11  Spire  
  44  4:14  Drone  
  44  4:16  Overlord  
  44  4:17  Hatchery  
  44  4:18  Drone x2  
  44  4:19  Drone  
  44  4:20  Drone x3  
  49  4:28  Overlord  
  48  4:56  Zergling x14  
  52  5:09  Drone x3  
  52  5:10  Zergling x8  
  58  5:21  Drone x2  
  58  5:22  Drone  
  61  5:30  Spore Crawler  
  61  5:32  Spore Crawler  
  61  5:35  Drone  
  60  5:36  Queen, Drone x5  
  60  5:41  Overseer  
  67  5:50  Spore Crawler  
  67  5:55  Pneumatized Carapace  
  65  6:05  Drone x3  
  65  6:06  Drone x6  
  65  6:09  Extractor, Overlord x3  
  65  6:10  Overlord  
  73  6:22  Drone x2  
  73  6:23  Extractor, Drone x2  
  70  6:34  Zergling x2  
  70  6:35  Zergling x6  
  70  6:52  Mutalisk  
  70  6:53  Mutalisk x11  
  94  7:05  Mutalisk x3  
  99  7:09  Zerg Flyer Weapons Level 1  
  99  7:12  Infestation Pit  
  99  7:13  Drone x4  
  99  7:14  Drone  
  99  7:15  Drone x3, Evolution Chamber x2  
  101  7:45  Mutalisk x2  
  105  8:37  Overlord  
  105  8:38  Overlord x2  
  99  9:11  Mutalisk x4  
  99  9:12  Mutalisk x6  
  99  9:13  Mutalisk  
  121  9:24  Drone  
  121  9:26  Overlord x5  
  118  9:32  Extractor, Hatchery  
  118  9:33  Extractor  
  115  9:55  Drone x3  
  115  9:56  Drone  
  115  9:57  Drone x2  
  115  9:59  Overlord x2  
  121  10:05  Hatchery  
  121  10:07  Extractor  
  119  10:08  Extractor, Overseer  
  119  10:10  Burrow  
  119  10:11  Overseer x2  
  118  10:17  Drone x2  
  118  10:18  Drone x5  
  118  10:19  Mutalisk x5  
  135  10:27  Hive  
  135  10:29  Zerg Melee Weapons Level 1  
  135  10:30  Zerg Ground Armor Level 1  
  135  10:31  Zerg Flyer Weapons Level 2  
  135  10:52  Hatchery  
  134  10:58  Spore Crawler  
  117  11:46  Zergling x2  
  117  11:47  Zergling x30  
  121  12:22  Adrenal Glands  
  121  12:26  Spire  
  121  12:27  Zerg Melee Weapons Level 2, Zerg Ground Armor Level 2  
  121  12:28  Mutalisk x10  
  121  12:29  Mutalisk x9  
  156  12:36  Drone x2  
  160  12:42  Queen  
  162  12:53  Greater Spire  
  124  13:26  Mutalisk  
  108  13:27  Mutalisk x19  
  135  13:40  Zergling x18  
  130  13:50  Zergling x2  
  130  13:51  Zergling x4  
  127  14:07  Zergling x2  
  127  14:08  Zergling x8  
  127  14:23  Zergling x14  
  123  14:29  Zergling x2  
  123  14:30  Zergling x4  
  113  14:38  Zerg Flyer Weapons Level 3  
  113  14:39  Zerg Flyer Armor Level 1  
  113  14:50  Hatchery  
  113  14:52  Drone x2  
  114  14:53  Drone x3  
  114  14:54  Drone x2  
  114  14:55  Extractor  
  103  15:19  Mutalisk  
  103  15:20  Mutalisk x10  
  114  15:33  Corruptor x6  
  123  15:40  Drone x3  
  123  15:41  Drone  
  127  16:10  Brood Lord x3  
  133  16:11  Brood Lord  
  133  16:14  Hatchery  
  133  16:15  Zergling x4  
  133  16:17  Overlord x6  
  133  16:18  Overlord x3  
  136  16:34  Queen  
  136  16:35  Zergling x2  
  136  16:36  Zergling x16  
  136  16:38  Zerg Melee Weapons Level 3  
  147  16:43  Brood Lord  
  149  16:47  Brood Lord  
  149  16:53  Zergling x2  
  145  16:54  Zergling x10  
  127  17:09  Zergling x12  
  127  17:10  Zergling x4  
  127  17:19  Corruptor x3  
  133  17:28  Hatchery  
  132  17:30  Hatchery  
  125  17:39  Zergling x18  
  125  17:40  Zergling x2  
  135  17:46  Drone x2  
  135  17:49  Drone  
  135  17:50  Drone  
  139  17:55  Extractor  
  129  18:09  Brood Lord x3  
  135  18:14  Drone  
  135  18:15  Drone x6  
  136  18:39  Zergling x8  
  136  18:40  Zergling x34  
  151  18:46  Extractor  
  151  18:47  Extractor  
  141  18:51  Overlord x2  
  106  19:21  Corruptor  
  106  19:22  Corruptor x7  
  76  19:40  Ultralisk Cavern  
Show
View Real Time Build Order
Export as new Build Order

Throwfordays Protoss 

Build Orders: 1 Gate Expand 

Get SALT Encoding   

  12  0:01  Probe  
  13  0:13  Probe  
  14  0:25  Pylon  
  14  0:29  Probe  
  15  0:48  Gateway  
  15  0:54  Probe  
  16  1:04  Assimilator  
  16  1:06  Probe  
  18  1:18  Probe  
  18  1:24  Nexus  
  18  1:31  Pylon  
  18  1:35  Probe  
  19  1:46  Cybernetics Core  
  19  1:59  Gateway  
  19  2:07  Pylon  
  19  2:09  Probe  
  19  2:14  Adept  
  20  2:25  Assimilator  
  20  2:29  Pylon  
  22  2:32  Probe  
  22  2:36  Probe  
  25  2:44  Probe  
  25  2:48  Probe  
  25  2:49  Adept  
  25  2:51  Warp Gate  
  28  2:56  Probe  
  29  3:01  Probe  
  30  3:06  Adept  
  32  3:27  Probe x2  
  32  3:28  Adept  
  36  3:35  Probe  
  36  3:36  Robotics Facility, Probe  
  38  3:43  Probe  
  38  3:44  Forge  
  38  3:46  Probe  
  40  3:54  Adept  
  42  3:59  Pylon  
  42  4:06  Twilight Council  
  42  4:08  Probe  
  42  4:09  Probe  
  44  4:19  Adept  
  44  4:20  Probe, Immortal  
  44  4:22  Probe  
  52  4:34  Probe x2  
  54  4:38  Protoss Ground Weapons Level 1, Assimilator  
  54  4:51  Resonating Glaives  
  54  4:58  Pylon  
  54  4:59  Stalker  
  56  5:04  Stalker  
  54  5:21  Probe  
  54  5:23  Probe  
  56  5:30  Probe  
  56  5:31  Probe  
  58  5:37  Immortal  
  62  5:46  Photon Cannon  
  62  5:49  Photon Cannon  
  62  6:07  Photon Cannon  
  62  6:15  Stalker x2  
  62  6:18  Observer  
  67  6:24  Assimilator, Probe  
  68  6:36  Probe  
  73  6:40  Immortal  
  73  6:43  Stalker x2  
  77  6:48  Probe  
  70  7:43  Stalker x2  
  74  7:45  Immortal  
  78  7:58  Pylon  
  78  8:01  Pylon  
  78  8:04  Pylon  
  78  8:07  Protoss Ground Weapons Level 2, Photon Cannon  
  78  8:10  Photon Cannon  
  78  8:16  Probe x2  
  80  8:21  Robotics Facility  
  80  8:23  Robotics Facility  
  80  8:28  Gateway  
  80  8:29  Gateway  
  80  8:31  Gateway  
  80  8:34  Pylon  
  80  8:36  Pylon  
  80  8:37  Gateway  
  80  8:38  Gateway  
  80  8:41  Pylon  
  80  8:42  Gateway  
  80  8:43  Pylon  
  80  8:47  Pylon  
  80  8:48  Forge  
  80  8:51  Robotics Bay  
  80  8:52  Pylon  
  80  8:57  Probe  
  81  9:03  Nexus  
  81  9:05  Pylon, Probe  
  81  9:07  Pylon  
  82  9:10  Assimilator  
  82  9:14  Assimilator  
  82  9:15  Probe  
  82  9:18  Warp Prism  
  85  9:25  Probe  
  85  9:27  Probe  
  87  9:37  Probe  
  88  9:39  Probe  
  89  9:50  Probe  
  89  9:51  Probe  
  91  9:59  Protoss Ground Armor Level 1  
  91  10:01  Photon Cannon  
  91  10:02  Probe  
  91  10:03  Probe  
  91  10:05  Photon Cannon  
  93  10:08  Blink  
  93  10:14  Probe  
  92  10:29  Protoss Ground Weapons Level 3  
  92  10:31  Colossus x3  
  92  10:33  Probe  
  93  10:42  Extended Thermal Lance  
  111  11:24  Colossus  
  117  11:32  Immortal x2  
  125  11:53  Stalker  
  125  11:54  Stalker x6  
  131  11:55  Stalker  
  141  12:21  Stalker x3  
  141  12:22  Stalker x5  
  109  13:01  Stalker x6  
  109  13:02  Stalker  
  101  13:14  Stalker x2  
  101  13:15  Stalker x5  
  97  13:23  Colossus  
  97  13:24  Immortal x2  
  91  13:27  Protoss Ground Armor Level 2  
  91  13:28  Protoss Shields Level 1  
  91  13:31  Stalker  
  83  13:38  Stalker x2  
  83  13:39  Stalker x5  
  89  14:06  Stalker  
  89  14:07  Stalker x4  
  89  14:08  Stalker x3  
  105  14:11  Colossus  
  105  14:12  Immortal  
  115  14:17  Immortal  
  119  14:54  Warp Prism  
  119  14:57  Colossus  
  127  15:05  Immortal  
  131  15:14  Pylon  
  131  15:16  Pylon  
  131  15:18  Pylon  
  131  15:23  Pylon  
  131  15:30  Immortal  
  133  16:02  Stalker x6  
  133  16:03  Stalker x2  
  149  16:05  Colossus  
  149  16:07  Immortal  
  149  16:09  Immortal  
  163  16:16  Protoss Ground Armor Level 3  
  163  16:17  Protoss Shields Level 2  
  163  16:46  Nexus  
  101  17:16  Stalker x6  
  101  17:17  Stalker x2  
  101  17:19  Colossus  
  101  17:20  Colossus  
  101  17:22  Immortal  
  133  17:46  Stalker x7  
  133  17:47  Stalker  
  149  18:00  Colossus  
  155  18:06  Probe  
  156  18:14  Probe x2, Immortal x2  
  166  18:20  Assimilator  
  166  18:23  Pylon  
  166  18:26  Pylon, Probe  
  168  18:30  Assimilator  
  167  18:39  Probe  
  168  18:51  Probe  
  168  18:53  Immortal x2  
  168  18:55  Immortal  
  178  19:03  Probe  
Show
View Real Time Build Order
Export as new Build Order

Cthulhu Protoss 

Build Orders:  

Get SALT Encoding   

  12  0:01  Probe  
  13  0:13  Probe  
  14  0:33  Pylon  
  14  0:39  Probe  
  15  0:53  Gateway  
  15  0:55  Probe  
  15  0:56  Pylon  
  15  1:03  Probe  
  17  1:11  Gateway  
  17  1:12  Probe  
  18  1:32  Pylon  
  18  1:33  Probe  
  18  1:38  Assimilator  
  19  1:45  Probe  
  20  1:54  Nexus  
  20  2:10  Cybernetics Core  
  20  2:17  Gateway  
  20  2:20  Zealot  
  22  2:26  Warp Gate  
  22  2:29  Pylon  
  22  2:37  Probe  
  22  2:39  Zealot  
  25  2:52  Zealot  
  28  3:12  Zealot  
  28  3:13  Zealot  
  29  3:23  Probe  
  29  3:24  Probe  
  31  3:28  Stalker  
  33  3:41  Forge  
  33  3:48  Pylon  
  33  3:52  Pylon  
  33  4:01  Protoss Ground Weapons Level 1  
  33  4:09  Twilight Council  
  33  4:11  Probe x2  
  33  4:16  Zealot x3  
  41  4:25  Probe  
  42  4:32  Assimilator  
  42  4:43  Probe x2  
  44  4:54  Assimilator  
  44  4:55  Probe  
  45  5:03  Zealot x3  
  51  5:09  Charge  
  51  5:17  Probe x2  
  30  5:53  Stalker  
  30  5:54  Stalker  
  31  5:59  Photon Cannon  
  31  6:04  Photon Cannon  
  19  6:36  Stalker x2  
  9  7:54  Probe  
  10  8:34  Probe  
  11  9:08  Probe  
  11  9:16  Probe  
  13  9:37  Probe  
  14  9:52  Nexus  
  14  10:08  Probe  
  14  10:13  Pylon  
  15  10:21  Probe  
  16  10:45  Robotics Facility  
  16  10:47  Probe  
  17  10:59  Probe  
  17  11:01  Probe  
  18  11:07  Probe  
  18  11:09  Probe  
  20  11:17  Probe  
  21  11:19  Probe  
  23  11:38  Probe x2  
  25  11:53  Probe x2  
  27  11:55  Observer  
  27  11:58  Stalker, Zealot  
  32  12:05  Probe  
  33  12:18  Probe  
Show
View Real Time Build Order
Export as new Build Order

LastLegend Zerg 

Build Orders: Hatch First, Roach Nydus 

Get SALT Encoding   

  12  0:01  Drone  
  13  0:08  Drone  
  14  0:18  Overlord  
  14  0:25  Extractor  
  14  0:26  Drone  
  15  0:37  Drone x2  
  17  0:54  Hatchery  
  16  0:59  Drone  
  16  1:02  Drone  
  18  1:21  Spawning Pool  
  18  1:22  Extractor  
  18  1:23  Drone x2  
  18  1:28  Drone  
  19  1:40  Overlord  
  19  1:51  Drone  
  20  2:01  Drone  
  21  2:07  Queen  
  21  2:08  Queen  
  23  2:10  Drone  
  23  2:13  Zergling x2  
  27  2:24  Drone x2  
  27  2:28  Zergling x2  
  30  2:46  Lair  
  30  2:47  Drone x3  
  33  2:52  Drone  
  34  3:01  Drone x2  
  36  3:10  Extractor  
  34  3:13  Roach Warren  
  34  3:14  Drone x2  
  34  3:17  Overlord x2  
  34  3:18  Overlord x2  
  35  3:22  Spore Crawler  
  35  3:26  Queen  
  36  3:46  Drone  
  36  3:47  Drone x2  
  39  3:49  Overlord x2  
  39  3:57  Nydus Network  
  39  3:59  Drone x4  
  39  4:02  Queen  
  44  4:09  Roach x2  
  48  4:17  Roach  
  48  4:18  Roach  
  48  4:19  Roach  
  54  4:34  Roach x4  
  54  4:35  Roach  
  64  4:39  Nydus Canal  
  64  4:45  Queen  
  64  4:46  Zergling x4  
  63  5:19  Roach x5  
  63  5:20  Roach x4  
  79  5:38  Queen  
  79  5:40  Roach  
  83  5:45  Nydus Canal  
  83  6:16  Overlord x4  
  83  6:17  Overlord x3  
  83  6:25  Nydus Canal  
  55  7:27  Roach x2  
  55  7:28  Roach x7  
  65  7:43  Hatchery  
  64  7:46  Hydralisk Den  
  64  7:48  Spore Crawler  
  62  7:52  Spore Crawler  
  62  7:54  Spore Crawler  
  60  8:18  Hydralisk  
  60  8:19  Hydralisk x7  
  76  8:36  Muscular Augments  
  76  8:39  Drone x6  
  82  8:46  Hatchery  
  81  8:49  Hydralisk x2  
  85  9:05  Hydralisk x2  
  89  9:22  Drone x2  
  89  9:23  Drone x9  
  100  9:28  Extractor  
  100  9:29  Extractor  
  98  9:41  Roach x4  
  98  9:42  Roach x3  
  112  9:47  Grooved Spines  
  111  9:56  Glial Reconstitution  
  111  9:59  Zergling x4  
  115  10:00  Zergling x16  
  121  10:17  Drone x6  
  121  10:20  Metabolic Boost  
  127  10:29  Extractor  
  127  10:30  Extractor, Drone x3  
  127  10:31  Drone x7  
  127  10:34  Queen  
  137  10:48  Hydralisk x7  
  151  10:51  Overlord  
  151  10:56  Hatchery, Overlord x6  
  150  11:30  Infestation Pit  
  149  11:40  Roach x2  
  149  11:41  Roach x9  
  149  11:42  Roach x5  
  149  11:43  Zergling x6  
  149  11:44  Zergling x4  
  185  12:03  Infestation Pit  
  182  12:18  Hydralisk x9  
  184  12:44  Hydralisk x2  
  184  12:45  Hydralisk x5  
  184  12:48  Hive  
  100  14:09  Hatchery  
  67  14:20  Hydralisk x6  
  67  14:21  Hydralisk x9  
  67  14:22  Hydralisk x7  
  67  14:23  Viper x2  
  114  14:25  Zergling x18  
  114  14:26  Zergling x14  
  114  14:27  Zergling x4  
  137  14:40  Pneumatized Carapace  
  137  14:45  Evolution Chamber x2  
  133  14:54  Hydralisk x5  
  133  14:56  Zergling x2  
  144  15:17  Drone x6  
  144  15:18  Drone x5  
  155  15:23  Queen  
  157  15:37  Roach x4  
  160  16:14  Roach x9  
  160  16:15  Roach x8  
  160  16:16  Roach x2  
  198  16:40  Spire  
  198  16:46  Extractor  
  196  16:47  Extractor  
  131  17:20  Zergling x6  
  131  17:21  Zergling x18, Viper x2  
  131  17:22  Zergling x2, Hydralisk x9  
  156  17:23  Hydralisk x2  
  156  17:24  Roach x4  
  180  17:36  Zerg Ground Armor Level 1, Zerg Missile Weapons Level 1  
  180  17:47  Roach x3  
  180  17:48  Roach x2  
  190  18:18  Corruptor x4  
Show
View Real Time Build Order
Export as new Build Order

PeKE Terran 

Build Orders:  

Get SALT Encoding   

  12  0:00  SCV  
  13  0:12  SCV  
  14  0:20  Supply Depot  
  14  0:25  SCV  
  15  0:42  SCV  
  16  0:46  Barracks  
  16  0:54  Refinery, SCV  
  17  1:06  SCV  
  18  1:18  SCV  
  19  1:29  Command Center  
  19  1:31  SCV  
  20  1:37  Reaper  
  21  1:44  SCV  
  22  1:56  Orbital Command  
  22  2:04  Supply Depot  
  22  2:11  Barracks Tech Lab  
  22  2:18  Refinery  
  22  2:32  SCV  
  23  2:38  Marine, Factory  
  25  2:45  Orbital Command  
  25  2:47  SCV  
  25  3:04  SCV  
  26  3:16  SCV  
  26  3:28  SCV  
  27  3:34  Factory Tech Lab  
  27  3:36  SCV, Starport  
  27  3:40  SCV  
  28  3:42  Marine  
  28  3:48  SCV  
  30  3:52  SCV  
  31  3:57  Refinery  
  31  4:00  SCV  
  32  4:03  Refinery  
  32  4:04  SCV  
  32  4:05  Stimpack  
  32  4:07  Engineering Bay  
  32  4:09  Armory  
  33  4:12  SCV  
  33  4:16  Marine  
  33  4:17  SCV  
  36  4:24  SCV  
  36  4:26  Starport Tech Lab  
  36  4:29  SCV, Siege Tank  
  41  4:36  SCV  
  41  4:41  SCV  
  38  4:48  Marine, SCV  
  38  4:50  Terran Infantry Weapons Level 1  
  34  5:12  SCV x2  
  36  5:14  Widow Mine  
  36  5:16  Marine  
  39  5:24  SCV x2  
  41  5:34  Marine  
  39  5:43  Widow Mine  
  38  5:52  Marine  
  38  5:53  SCV x2  
  30  6:05  SCV x2, Hellion  
  30  6:06  Medivac  
  30  6:10  Marine  
  37  6:17  SCV x2  
  30  6:26  Hellion  
  30  6:29  SCV  
  31  6:36  SCV  
  31  6:42  SCV  
  32  6:55  SCV x2  
  34  7:04  Siege Tank  
  34  7:07  SCV x2  
  39  7:09  Combat Shield, Barracks  
  39  7:10  Barracks  
  39  7:11  Medivac  
  41  7:21  SCV  
  42  7:36  SCV  
  43  7:40  Hellion  
  45  7:45  SCV  
  45  7:50  Missile Turret  
  46  7:51  SCV  
  46  7:52  Missile Turret  
  46  7:54  Medivac  
  46  7:57  SCV  
  42  7:58  Missile Turret  
  42  8:01  Missile Turret  
  42  8:02  Hellion  
  39  8:07  Missile Turret  
  31  8:14  SCV x2  
  32  8:26  SCV  
  28  8:28  SCV  
  25  8:40  SCV  
  19  9:06  SCV x2  
  21  9:12  Missile Turret x2  
  21  9:13  Missile Turret  
  19  9:18  SCV x2  
  17  9:30  SCV  
  17  9:42  SCV  
  18  9:59  SCV x2  
  20  10:18  SCV x2  
  22  10:24  Starport Tech Lab  
  22  10:26  Widow Mine  
  26  10:29  Barracks Reactor  
  26  10:30  SCV  
  26  10:32  Marine  
  26  10:35  Barracks Reactor  
  26  10:36  Terran Infantry Weapons Level 2  
  26  10:37  SCV  
  26  10:42  SCV  
  28  10:48  Widow Mine  
  30  10:50  Marine  
  30  10:51  Missile Turret  
  30  10:53  Missile Turret  
  31  10:57  SCV x2  
  33  11:08  Marine  
  33  11:09  SCV x2, Widow Mine  
  38  11:18  Refinery  
  38  11:21  SCV x2  
  35  11:26  Marine  
  35  11:30  Widow Mine  
  35  11:33  SCV x2  
  37  11:49  SCV x2  
  37  11:51  Marine x4  
  37  11:52  Marauder  
  43  12:08  Marine  
  43  12:09  Marine x2  
  46  12:20  Marauder  
  46  12:35  Marine  
  46  12:36  SCV  
  46  12:50  Marine x2  
  46  12:52  Terran Infantry Armor Level 1  
  46  12:59  Missile Turret x2  
  46  13:02  Missile Turret  
  46  13:12  Missile Turret  
  46  13:35  Marine x3, SCV  
  46  13:37  Marine  
  46  13:38  Marauder  
  42  13:47  SCV, Missile Turret  
  41  13:52  Marine  
  41  13:53  Marine x2  
  41  13:55  Marine  
  42  14:00  Marauder  
  44  14:10  Marine  
  44  14:11  Marine, Supply Depot  
  46  14:27  Marine  
  46  14:28  Marine  
  46  14:32  Marine x2  
  46  14:33  Marauder  
  50  14:45  Marine  
  51  14:46  Marine  
  51  14:50  Marine x2  
  54  15:03  Marine  
  54  15:04  Marine  
  54  15:09  Marine x2  
  54  15:11  Marauder  
  46  15:14  SCV  
  46  15:20  Marine  
  48  15:22  Marine  
  48  15:25  SCV  
  48  15:27  Marine  
  51  15:33  Marauder  
  47  15:37  SCV  
  47  15:40  Marine x2  
  50  15:43  Command Center  
  50  15:49  SCV  
  51  15:54  Marauder  
  51  15:55  Marine  
  54  15:59  Supply Depot  
  54  16:01  Supply Depot  
  54  16:21  Marine x4, Marauder  
  60  16:30  Medivac  
  62  16:36  SCV  
  62  16:38  Marine  
  64  16:43  Marauder  
  65  17:00  Medivac  
  65  17:04  Marauder  
  65  17:05  Marine x3  
  63  17:15  Marine  
  62  17:22  Marine  
  62  17:23  Marine  
  62  17:25  Marauder  
  66  17:30  Medivac  
  68  17:38  Marine  
  69  17:51  Marauder  
  70  17:56  Marine  
  70  18:23  Supply Depot  
  70  18:44  Marine, Medivac  
  70  18:45  Marauder  
  70  18:48  Marine x3  
  78  19:10  Marine  
  78  19:11  Marine  
  78  19:12  Marine  
  78  19:14  Marauder  
  77  19:17  Marine  
  78  19:29  Marine x2  
Show
View Real Time Build Order
Export as new Build Order

TzGVoid Protoss 

Build Orders: 1 Gate Expand, Dark Templar Rush 

Get SALT Encoding   

  12  0:00  Probe  
  13  0:12  Probe  
  14  0:18  Pylon  
  14  0:25  Probe  
  15  0:37  Gateway  
  15  0:38  Probe  
  16  0:50  Probe  
  16  0:54  Assimilator  
  17  1:02  Probe  
  18  1:15  Probe  
  19  1:27  Nexus, Probe  
  20  1:39  Assimilator, Probe  
  21  1:49  Cybernetics Core  
  21  1:53  Pylon  
  21  1:58  Probe  
  22  2:08  Warp Gate  
  22  2:10  Probe  
  23  2:22  Probe  
  24  2:27  Twilight Council  
  24  2:34  Probe  
  25  2:37  Assimilator  
  25  2:43  Assimilator, Probe  
  26  2:46  Probe  
  27  2:55  Probe  
  28  2:59  Probe  
  29  3:07  Probe  
  29  3:11  Probe  
  31  3:14  Dark Shrine  
  31  3:16  Probe  
  31  3:19  Robotics Facility  
  32  3:23  Probe  
  32  3:24  Probe  
  33  3:33  Probe  
  34  3:35  Probe  
  34  3:40  Pylon  
  36  3:41  Pylon  
  36  3:45  Probe  
  36  3:47  Probe  
  38  3:56  Gateway  
  38  3:57  Probe  
  38  3:59  Probe  
  38  4:01  Gateway, Warp Prism  
  41  4:10  Probe  
  41  4:11  Probe  
  44  4:22  Probe  
  44  4:23  Probe  
  46  4:34  Probe  
  46  4:35  Probe  
  48  4:39  Forge  
  48  4:46  Probe  
  49  4:55  Probe  
  50  5:14  Pylon  
  50  5:17  Gateway  
  50  5:19  Gateway  
  50  5:21  Pylon, Dark Templar  
  50  5:22  Dark Templar x2  
  56  5:50  Protoss Ground Weapons Level 1  
  56  5:58  Dark Templar x2  
  56  5:59  Dark Templar  
  60  6:16  Dark Templar x2  
  64  6:31  Charge  
  64  6:32  Dark Templar  
  64  6:33  Dark Templar x2  
  70  6:44  Probe  
  69  6:50  Pylon  
  69  6:53  Dark Templar  
  63  6:54  Dark Templar  
  61  7:11  Dark Templar x3  
  59  7:38  Stalker x2  
  59  7:47  Stalker x3  
  59  7:50  Blink  
  65  7:51  Nexus, Pylon  
  65  7:56  Assimilator  
  63  8:00  Assimilator  
  63  8:03  Stalker x2  
  67  8:16  Probe  
  67  8:17  Stalker x3  
  74  8:22  Protoss Ground Weapons Level 2  
  74  8:23  Probe  
  75  8:30  Probe  
  72  8:41  Gateway  
  68  8:42  Stalker  
  68  8:43  Gateway, Stalker x4  
  64  9:07  Stalker x5  
  66  9:18  Forge  
  66  9:25  Probe x3  
  66  9:28  Protoss Ground Armor Level 1  
  69  9:31  Gateway  
  69  9:34  Gateway, Stalker x2  
  69  9:35  Stalker x3  
  69  9:37  Probe  
  80  9:44  Probe  
  80  9:45  Stalker x2, Probe  
  84  9:49  Probe  
  87  9:56  Probe  
  87  9:57  Probe  
  89  10:01  Probe  
  90  10:08  Probe  
  90  10:09  Probe  
  90  10:11  Stalker x4  
  90  10:12  Stalker x3, Warp Prism  
  106  10:20  Probe  
  107  10:26  Protoss Shields Level 1  
  109  10:38  Pylon  
  109  10:39  Probe  
  109  10:40  Pylon  
  106  10:44  Stalker  
  106  10:45  Nexus  
  106  10:46  Pylon  
  108  10:55  Pylon  
  108  11:06  Stalker x4  
  108  11:07  Stalker x5  
  126  11:17  Probe x2  
  128  11:39  Protoss Ground Weapons Level 3  
  128  11:43  Stalker x3  
  128  11:44  Stalker x2  
  130  11:58  Probe x2  
  132  12:04  Stalker x2  
  132  12:05  Stalker x2  
  140  12:19  Stalker x5  
  150  12:30  Stalker  
  142  12:49  Protoss Ground Armor Level 2  
  130  12:58  Stalker x3  
  132  12:59  Stalker  
  132  13:00  Stalker x5  
  106  13:44  Stalker x3  
  106  13:46  Stalker x4  
  106  13:47  Stalker x2  
  122  13:55  Probe x3  
  125  14:02  Assimilator  
  125  14:07  Assimilator  
  125  14:09  Pylon  
  125  14:14  Pylon  
  125  14:15  Pylon  
  125  14:21  Protoss Shields Level 2  
  115  14:25  Stalker x4  
  115  14:26  Stalker x2  
  115  14:27  Stalker x3  
  121  14:48  Probe  
  122  14:54  Probe x2  
  104  15:24  Nexus  
  104  15:25  Pylon  
  100  15:35  Stalker x4  
  100  15:36  Stalker x5  
  100  15:38  Protoss Ground Armor Level 3  
  102  16:00  Stalker x5  
  102  16:01  Stalker x4  
  120  16:13  Probe x3  
  120  16:16  Probe  
  124  16:25  Probe x2  
  126  16:30  Assimilator  
  126  16:32  Assimilator  
  126  16:36  Stalker x3  
  126  16:37  Stalker x6  
  120  17:08  Stalker  
  108  17:09  Stalker x6  
  108  17:10  Stalker x2  
  100  17:22  Gateway  
  98  17:24  Gateway  
  98  17:26  Gateway  
  98  17:45  Nexus  
  98  17:46  Stalker x4  
  98  17:47  Stalker  
  98  17:50  Stalker  
  109  18:02  Stalker x3  
  115  18:11  Stalker x4  
  123  18:12  Stalker  
  123  18:19  Assimilator  
  125  18:21  Stalker  
  125  18:23  Assimilator  
  127  18:27  Pylon  
  127  18:48  Stalker x4  
  129  18:49  Stalker x2  
  129  18:51  Stalker x5  
  129  18:53  Stalker  
  89  19:32  Stalker x5  
  89  19:33  Stalker x5  
  89  19:34  Stalker x2  
  103  19:43  Gateway  
  103  19:45  Gateway  
Tags
 
Add a new tag
Caveats
  • Supply blocks, unpowered buildings, or Contaminate may cause inaccurate times.
  • Supply counts are checked every 10 seconds.